 Dungeon Crawl Stone Soup version 0.31-a0-177-g4aa6249778 (webtiles) character file.

Game seed: 66510306428157012

140 Hajna the Sneak (level 5, -9/28 HPs)
             Began as a Kobold Enchanter on June 19, 2023.
             Mangled by Menkaure (11 damage)
             ... on level 4 of the Dungeon.
             The game lasted 00:10:08 (3111 turns).

Hajna the Sneak (Kobold Enchanter)                  Turns: 3111, Time: 00:10:09

Health: -9/28      AC:  5    Str:  7    XL:     5   Next: 47%
Magic:  1/8        EV: 16    Int: 17    God:
Gold:   89         SH:  0    Dex: 23    Spells: 3/8 levels left

rFire   . . .        i - +1 dagger (pain)
rCold   . . .        (no shield)
rNeg    . . .        b - +0 robe
rPois   +            (no helmet)
rElec   .            (no cloak)
rCorr   +            (no gloves)
SInv    .            l - +0 pair of boots
Will    +....        (no amulet)
Stlth   +++++        n - ring "Dajicyilett" {Contam rPois Will+ rCorr Str+2}
HPRegen 0.24/turn    c - +6 ring of dexterity
MPRegen 0.11/turn

%: clarity
@: mighty, about to teleport
A: small, no large weapons, nightstalker 3, iridescent scales 1, clarity
a: no special abilities


You were on level 4 of the Dungeon.
You visited 1 branch of the dungeon, and saw 4 of its levels.

You collected 89 gold pieces.

Inventory:

Hand Weapons
 a - a +1 dagger
 i - a +1 dagger of pain (weapon)
Missiles
 d - 2 throwing nets
 e - 4 poisoned darts
 h - 6 boomerangs
Armour
 b - a +0 robe (worn)
 l - a +0 pair of boots (worn)
Jewellery
 c - a +6 ring of dexterity (right hand)
 n - the ring "Dajicyilett" (left hand) {Contam rPois Will+ rCorr Str+2}
   (You found it on level 3 of the Dungeon)

   [ring of willpower]

   Str:       It affects your strength (+2).
   rPois:     It protects you from poison.
   Contam:    It causes magical contamination when unequipped.
   rCorr:     It protects you from acid and corrosion.
   Will:      It increases your willpower.
Scrolls
 f - 2 scrolls of vulnerability
 g - a scroll of revelation
 j - 4 scrolls of identify
 k - 2 scrolls of fog {unknown}
 m - 2 scrolls of fear {unknown}
 o - a scroll of poison {unknown}
 p - a scroll of teleportation


   Skills:
 + Level 0.2 Fighting
 + Level 2.1 Short Blades
 + Level 2.9 Dodging
 * Level 6.8 Stealth
 + Level 2.4 Spellcasting
 + Level 3.2 Hexes
 + Level 0.9 Ice Magic


You had 3 spell levels left.
You knew the following spells:

 Your Spells              Type           Power      Damage    Failure   Level
a - Ensorcelled Hibernat  Hex/Ice        18%        N/A       12%         2
b - Swiftness             Air            2%         N/A       50%         3

Your spell library contained the following spells:

 Spells                   Type           Power      Damage    Failure   Level
 Confusing Touch          Hex            13%        N/A       14%         3
 Tukima's Dance           Hex            13%        N/A       14%         3
 Blink                    Tloc           4%         N/A       28%         2
 Lesser Beckoning         Tloc           4%         N/A       28%         2
 Momentum Strike          Conj/Tloc      4%         3d8       28%         2
 Passwall                 Tmut/Erth      1%         N/A       28%         2
 Dazzling Flash           Conj/Hex       14%        N/A       28%         3


Dungeon Overview and Level Annotations

Branches:
Dungeon (4/15)
 Temple: D:4-7

Altars:
Zin

Shops:
D:4 *

Annotations:
D:4 Menkaure


Innate Abilities, Weirdness & Mutations

You are small and have problems with some larger weapons.
You are completely attuned to the shadows.
You are partially covered in iridescent scales. (AC +2)
You possess an exceptional clarity of mind.


Message History

The orc attacks as you move away! The orc misses you.
Menkaure, Prince of Dust comes into view.
Menkaure casts a spell at you. You resist with some effort.
You hit Menkaure.
Menkaure is lightly damaged.
Menkaure completely misses you. The orc misses you.
You completely miss Menkaure.
Menkaure is lightly damaged.
The orc closely misses you.
Menkaure calls on the powers of darkness!
Your body is wracked with pain!
The orc convulses!
Something is bathed in an unholy light!
It was a potion of might.
You feel very mighty all of a sudden. The orc misses you.
You barely miss Menkaure.
Menkaure is lightly damaged.
Menkaure calls on the powers of darkness!
Your body is wracked with pain!
The orc convulses!
Something is bathed in an unholy light!
The orc misses you.
You hit Menkaure.
Menkaure is moderately damaged.
Menkaure closely misses you.
You barely miss Menkaure.
Menkaure is moderately damaged.
Menkaure points at you and mumbles some strange words.
Pain shoots through your body!
* * * LOW HITPOINT WARNING * * *
Aiming: Ensorcelled Hibernation (safe; 12% risk of failure)
Press: ? - help, Q - select action, (/) - cycle Shift-Dir - straight line, f - Menkaure
Aim: Menkaure (moderately damaged, not susceptible) Menkaure is unaffected.
As you read the scroll of teleportation, it crumbles to dust.
You feel strangely unstable.
You hear some strange, mumbled words.
A puff of flame appears from out of thin air!
The puff of flame misses you.
The puff of flame hits Menkaure!
Menkaure is burned terribly!
Menkaure hits you!
You die...

# **,*,** *,*
#.......<.......#,
#***,***,***,*
#.########o......, .,,,**
**,**,* #.# #)......,
#***,***,***,* #.#
#......., # **,*,****,* #.#
#......., # **,,,,,,,* #.#
#......., # *,,****** #o#
#......., # *,,* #{#
*,,,,,,,, *,,* #@#
*,,,,,,,, *,,* #M#
*,,,,,,,, *,,* #.#
*****,***
******,,*******#.#*** *,*
,,,,,,,,,,,,,,,...,,* *,*
,*****,,*********,*,*******
*,* ,*****,,*****
***,,,,,,,,,***,*
,,,,,,,,,,,,*
*,,,,,,,,,,,,,,,*
,,,***,,,,*,*
*,***,*****,*****


You could see Menkaure and an orc.

Vanquished Creatures
  5 adders (D:2)
  A white imp (D:3)
  3 dart slugs
  6 orcs
  6 bats
  9 endoplasms
  A giant cockroach (D:1)
  5 goblins
  5 hobgoblins
  6 jackals
  3 quokkas
  6 ball pythons
  3 frilled lizards
  5 kobolds
  9 rats
73 creatures vanquished.

Notes
Turn   | Place    | Note
-------+----------+-------------------------------------------
     0 | D:1      | Hajna the Kobold Enchanter began the quest for the Orb.
     0 | D:1      | Reached XP level 1. HP: 10/10 MP: 3/3
   126 | D:1      | Reached XP level 2. HP: 15/15 MP: 5/5
   132 | D:1      | Learned a level 2 spell: Ensorcelled Hibernation
   245 | D:1      | Reached skill level 5 in Stealth
   253 | D:1      | Found a faded altar of an unknown god.
   357 | D:1      | Reached XP level 3. HP: 15/19 MP: 1/6
  1182 | D:2      | Reached XP level 4. HP: 10/24 MP: 2/7
  1198 | D:2      | Reached skill level 6 in Stealth
  1836 | D:2      | Reached XP level 5. HP: 17/28 MP: 2/8
  2246 | D:3      | Identified the ring "Dajicyilett" {Contam rPois Will+ rCorr
                  | Str+2}
  2431 | D:3      | Gained mutation: Your spells are a little harder to cast,
                  | but a little more powerful. [potion of mutation]
  2431 | D:3      | Gained mutation: You expend magic power (3 MP) to
                  | strengthen your wands. [potion of mutation]
  2432 | D:3      | Lost mutation: You expend magic power (3 MP) to strengthen
                  | your wands. [potion of mutation]
  2432 | D:3      | Lost mutation: Your spells are a little harder to cast, but
                  | a little more powerful. [potion of mutation]
  2432 | D:3      | Gained mutation: You possess an exceptional clarity of
                  | mind. [potion of mutation]
  2432 | D:3      | Gained mutation: You are partially covered in iridescent
                  | scales. (AC +2) [potion of mutation]
  2573 | D:3      | HP: 1/28 [white imp/puff of frost (5)]
  2722 | D:3      | Learned a level 3 spell: Swiftness
  2981 | D:4      | Found Zin's Purification Station.
  2984 | D:4      | Found a glowing silver altar of Zin.
  3100 | D:4      | Noticed Menkaure
  3109 | D:4      | HP: 1/28 [Menkaure/nerve-wracking pain (8)]
  3111 | D:4      | Mangled by Menkaure

Illustrated notes

Levels and vault maps discovered:
D:1:      dpeg_arrival_water_temple_mockup, layout_loops_ring,
          ebering_ecumenical_altar_webs, minmay_misc_feat_square
D:2:      layout_basic
D:3:      layout_basic
D:4:      layout_loops_ring, zin_purify, serial_shops,
          nicolae_shop_getting_attention, lightli_ossuary_entry_decrepit_ruins,
          uniq_menkaure, uniq_duvessa

Skill      XL: |  1  2  3  4  5 |
---------------+----------------+-----
Stealth        | 5 6 |  6.8
Short Blades   | 2 |  2.1
Fighting       | |  0.2
Dodging        | |  2.9
Spellcasting   | |  2.4
Hexes          | |  3.2
Ice Magic      | |  0.9

Action                     |  1- 3 |  4- 6 || total
---------------------------+-------+-------++-------
  Melee: Dagger            |    78 |   133 ||   211
         Punch             |     1 |     3 ||     4
   Cast: Ensorcelled Hiber |    12 |    38 ||    50
    Use: Scroll            |     2 |     5 ||     7
         Potion            |     2 |     4 ||     6
   Stab: Sleeping          |    21 |    29 ||    50
         Invisible         |     1 |     1 ||     2
         Distracted        |       |     1 ||     1
 Armour: Robe              |    13 |    34 ||    47
  Dodge: Dodged            |    65 |   120 ||   185

Table legend: (Time is in decaauts)
 A = Elapsed time spent in this place.
 B = Non-inter-level travel time spent in this place.
 C = Inter-level travel time spent in this place.
 D = Time resting spent in this place.
 E = Time spent auto-exploring this place.
 F = Levels seen in this place.
 G = Mean time per level.
                   A        B        C        D        E       F      G
               +--------+--------+--------+--------+--------+-----+--------+
         Total |   3090 |   2993 |     97 |      0 |   2377 |   4 |  772.5 |
       Dungeon |   3090 |   2993 |     97 |      0 |   2377 |   4 |  772.5 |
               +--------+--------+--------+--------+--------+-----+--------+

Top non-repeatable levels by time:
     D:2: 1247 daAuts
     D:1: 981 daAuts
     D:3: 725 daAuts
     D:4: 136 daAuts
